[Event "Team 45 45 League T71"]
[Site "Internet Chess Club"]
[Date "2017.02.06"]
[Round "8"]
[White "Ptzz"]
[Black "achessman"]
[Result "1/2-1/2"]
[WhiteElo "2070"]
[BlackElo "1927"]
[Opening "QGD: semi-Slav, Marshall gambit"]
[ECO "D31"]
[Time "05:32:36"]
[TimeControl "2700+45"]

1. d4 d5 2. c4 e6 3. Nc3 c6 4. e4 dxe4 5. Nxe4 Bb4+ 6. Bd2 Qxd4 7. Bxb4 Qxe4+ 8.
Be2 Qxg2 9. Bf3 Qg5 10. Ne2 Ne7 {Game drawn by mutual agreement} 1/2-1/2

[Event "Team 45 45 League T71"]
[Site "Internet Chess Club"]
[Date "2017.02.04"]
[Round "8"]
[White "LookImYourVader"]
[Black "laurenpar"]
[Result "0-1"]
[WhiteElo "1769"]
[BlackElo "1914"]
[Opening "Dutch defense, Rubinstein variation"]
[ECO "A40"]
[Time "19:00:56"]
[TimeControl "2700+45"]

1. d4 e6 2. c4 f5 3. Nc3 Nf6 4. Nf3 Bb4 5. Bg5 O-O 6. e3 b6 7. Bd3 Bxc3+ 8. bxc3
Bb7 9. O-O d6 10. Nd2 h6 11. Bxf6 Qxf6 12. f4 c5 13. Qe2 Nd7 14. Nf3 g6 15. e4
Rae8 16. a4 e5 17. fxe5 dxe5 18. d5 f4 19. a5 g5 20. axb6 axb6 21. Ra7 Bc8 22.
Bc2 g4 23. Nd2 Qg5 24. Kh1 Nf6 25. Ba4 Rd8 26. Rb1 Rd6 27. Bc6 Qh4 28. Rxb6 Nh5
29. Kg1 f3 30. Qf2 g3 {White resigns} 0-1

[Event "Team 45 45 League T71"]
[Site "Internet Chess Club"]
[Date "2017.02.05"]
[Round "8"]
[White "idjit"]
[Black "WillC"]
[Result "1-0"]
[WhiteElo "1536"]
[BlackElo "1634"]
[Opening "Caro-Kann: Steinitz variation"]
[ECO "B17"]
[Time "11:01:51"]
[TimeControl "2700+45"]

1. e4 c6 2. d4 d5 3. Nc3 dxe4 4. Nxe4 Nd7 5. Nf3 Ngf6 6. Nxf6+ Nxf6 7. Bc4 Bg4
8. Bxf7+ Kxf7 9. Ne5+ Ke8 10. Nxg4 Qd5 11. O-O Rd8 12. Be3 Kd7 13. c4 Qg8 14.
Ne5+ Kc8 15. Qa4 a6 16. Nxc6 Rd6 17. Ne5 e6 18. c5 Rd5 19. c6 Bd6 20. cxb7+ Kxb7
21. Rac1 Qe8 22. Rc6 Bxe5 23. Qxa6+ Kb8 24. Rfc1 Bxh2+ 25. Kxh2 Qh5+ 26. Kg1
{Black resigns} 1-0

[Event "Team 45 45 League T71"]
[Site "Internet Chess Club"]
[Date "2017.02.03"]
[Round "8"]
[White "JasonModer"]
[Black "Percival"]
[Result "1-0"]
[WhiteElo "1991"]
[BlackElo "2057"]
[Opening "QGD Slav defense"]
[ECO "D10"]
[Time "16:34:41"]
[TimeControl "2700+45"]

1. d4 d5 2. c4 c6 3. e3 Bf5 4. Nc3 e6 5. Nf3 Nd7 6. Be2 Bd6 7. O-O h6 8. Qb3 Rb8
9. cxd5 exd5 10. a3 Ngf6 11. Qa2 O-O 12. b4 a6 13. Qb3 Qe7 14. Bb2 Ne4 15. h3
Rfe8 16. Rac1 Bg6 17. Na4 f5 18. Bd3 Bh5 19. Qd1 f4 20. exf4 Bxf3 21. Qxf3 Nd2
22. Qg4 Nf6 23. Qh4 Nxf1 24. Rxf1 Ne4 25. Qg4 Qf7 26. Bc1 Re7 27. Be3 Rf8 28. g3
Nf6 29. Qf3 Qh5 30. Qg2 Ne4 31. Nc5 Bxc5 32. bxc5 Qf7 33. Rc1 Rb8 34. Rb1 Ree8
35. Rb3 Qc7 36. Rb6 Nd6 37. Qf1 Ne4 38. Kg2 Kh8 39. Qb1 Nf6 40. f5 Nd7 41. Bf4
Qc8 42. Rb2 Re7 43. Bxb8 Nxb8 44. f6 gxf6 45. Bf5 Qc7 46. Qc1 Kg7 47. Qd1 Qd8
48. Qh5 Qf8 49. Re2 Rxe2 50. Qg6+ {Black resigns} 1-0

[Event "Team 45 45 League T71"]
[Site "Internet Chess Club"]
[Date "2017.02.05"]
[Round "8"]
[White "LinceHispano44"]
[Black "anna"]
[Result "0-1"]
[WhiteElo "1786"]
[BlackElo "1851"]
[Opening "QGD: exchange, positional line"]
[ECO "D35"]
[Time "14:01:08"]
[TimeControl "2700+45"]

1. d4 d5 2. c4 e6 3. Nc3 Nf6 4. cxd5 exd5 5. Bg5 Be7 6. e3 c6 7. Qc2 O-O 8. Bd3
h6 9. Bh4 Nbd7 10. Nf3 b6 11. O-O Bb7 12. Rfd1 Re8 13. Bg3 Nh5 14. Be5 Bf6 15.
Bxf6 Nhxf6 16. b4 Qe7 17. Rab1 a5 18. b5 c5 19. dxc5 Nxc5 20. Na4 Nxa4 21. Qxa4
Rac8 22. Rbc1 Ne4 23. Qd4 Rc5 24. Rxc5 Nxc5 25. Bb1 Qd7 26. e4 dxe4 27. Qxd7
Nxd7 28. Rxd7 exf3 29. Rd1 fxg2 30. Bf5 Bf3 31. Rc1 Rd8 32. Bh3 Rd5 33. a4 Rd1+
34. Rxd1 Bxd1 35. Bxg2 Bxa4 36. Bc6 Kf8 37. Kf1 Ke7 38. Ke2 Kd6 39. Be8 f6 40.
Ke3 Kc5 41. Kf4 Bxb5 42. Bg6 a4 43. Bb1 Bd7 {White resigns} 0-1

[Event "Team 45 45 League T71"]
[Site "Internet Chess Club"]
[Date "2017.02.01"]
[Round "8"]
[White "Elton2013"]
[Black "Rhel"]
[Result "0-1"]
[WhiteElo "1818"]
[BlackElo "1753"]
[Opening "Réti: King's Indian attack, Yugoslav variation"]
[ECO "A05"]
[Time "16:30:11"]
[TimeControl "2700+45"]

1. Nf3 Nf6 2. g3 d5 3. Bg2 c6 4. O-O Bg4 5. d4 Nbd7 6. b3 e6 7. c4 Bd6 8. Ba3
Bxa3 9. Nxa3 O-O 10. Nc2 a5 11. Nce1 a4 12. Nd3 Bf5 13. Nde5 h6 14. Nh4 Bh7 15.
f4 Be4 16. e3 Bxg2 17. Kxg2 Nxe5 18. fxe5 Ne4 19. Nf3 axb3 20. axb3 Qe7 21. c5
b6 22. b4 Rxa1 23. Qxa1 Qb7 24. Rc1 Ra8 25. Qb1 Ra3 26. Rc2 Rxe3 27. Qa1 bxc5
28. bxc5 Qb3 29. Rb2 Qd3 30. Ng1 Kh7 31. Ra2 Nd2 32. Qd1 Qe4+ 33. Kf2 Qxd4 34.
Rxd2 Rd3+ 35. Ke2 Qe3+ 36. Kf1 Rxd2 37. Qb1+ g6 {White resigns} 0-1

[Event "Team 45 45 League T71"]
[Site "Internet Chess Club"]
[Date "2017.02.06"]
[Round "8"]
[White "KidRattler"]
[Black "vjbaker"]
[Result "0-1"]
[WhiteElo "1590"]
[BlackElo "1805"]
[Opening "Sicilian: Smith-Morra gambit"]
[ECO "B21"]
[Time "17:31:14"]
[TimeControl "2700+45"]

1. e4 c5 2. d4 cxd4 3. c3 dxc3 4. Nxc3 Nc6 5. Nf3 d6 6. Bc4 e6 7. O-O Nf6 8. Qe2
Be7 9. Rd1 e5 10. Bg5 O-O 11. Rac1 Bg4 12. h3 Nd4 13. Qe3 Nxf3+ 14. gxf3 Bxh3
15. f4 Bg4 16. f3 Be6 17. Bxe6 exf4 18. Bxf7+ Rxf7 19. Bxf4 Nh5 20. Bxd6 Bxd6
21. e5 Qh4 22. Rxd6 Qg3+ 23. Kh1 Rxf3 24. Qd2 Qh4+ 25. Kg1 Rg3+ 26. Qg2 Rxg2+
27. Kxg2 Qg5+ 28. Kf3 Rf8+ 29. Ke4 Qxc1 30. e6 Nf6+ 31. Kd4 Qd2+ 32. Kc5 Rc8+
33. Kb5 Qxd6 34. b4 Qa6# {White checkmated} 0-1

[Event "Team 45 45 League T71"]
[Site "Internet Chess Club"]
[Date "2017.02.05"]
[Round "8"]
[White "Agarnez"]
[Black "hood"]
[Result "1/2-1/2"]
[WhiteElo "1945"]
[BlackElo "1988"]
[Opening "Grünfeld: 5.Bf4"]
[ECO "D92"]
[Time "18:15:36"]
[TimeControl "2700+45"]

1. d4 Nf6 2. c4 g6 3. Nc3 d5 4. Nf3 Bg7 5. Bf4 c6 6. e3 O-O 7. Rc1 h6 8. h3 Be6
9. b3 Nbd7 10. Bd3 Rc8 11. O-O Kh7 12. e4 dxe4 13. Nxe4 Nxe4 14. Bxe4 Nf6 15.
Bb1 Qa5 16. Qe2 Rfe8 17. Ne5 Rcd8 18. Nxg6 fxg6 19. Qxe6 Rxd4 20. Be5 Rdd8 21.
Rfe1 Rf8 22. Bc3 Qb6 23. Qxe7 Rde8 24. Qb4 Qc7 25. Qa5 b6 26. Be5 Qf7 27. Qd2 c5
28. Qc2 Re6 29. Bc3 Rfe8 30. Rxe6 Rxe6 31. Re1 Rxe1+ 32. Bxe1 Nd7 33. Bc3 Ne5
34. Kf1 Nc6 35. Bxg7 Kxg7 36. Qe4 Nd4 37. Qe5+ Kh7 38. Be4 Qg7 39. Qxg7+ Kxg7
40. Ke1 Kf6 41. Kd2 g5 42. Ke3 Ke5 43. g3 Ne6 44. Bd5 Nd4 45. f4+ Kf6 46. fxg5+
hxg5 47. Ke4 Ne2 48. Kf3 Nc3 49. a4 a6 50. Bb7 b5 51. Bxa6 bxa4 52. bxa4 Nxa4
53. Kg4 Nc3 54. Bb7 Ne2 55. h4 gxh4 56. Kxh4 Nd4 57. g4 Kg6 58. Be4+ Kh6 59. g5+
Kg7 60. Kg4 Kf7 61. Kf4 Ne6+ 62. Kf5 Nd4+ 63. Ke5 Kg7 64. Kd6 Nb3 65. Kd5 Kf7
66. Bc2 Nd4 67. Bd1 Kg6 68. Kxc5 Ne6+ 69. Kd6 Nxg5 70. Ke7 Kf5 71. c5 Ke5 72. c6
Ne6 73. Bb3 Nc7 74. Bc4 Na8 75. Kd8 Kd6 76. Bb5 Nc7 77. Ba4 Ne6+ 78. Kc8 Nd4
{Game drawn by mutual agreement} 1/2-1/2

[Event "Team 45 45 League T71"]
[Site "Internet Chess Club"]
[Date "2017.02.04"]
[Round "8"]
[White "joebobpop"]
[Black "Grann"]
[Result "1/2-1/2"]
[WhiteElo "1929"]
[BlackElo "1996"]
[Opening "Sicilian: Grand Prix attack"]
[ECO "B23"]
[Time "15:20:41"]
[TimeControl "2700+45"]

1. e4 c5 2. Nc3 Nc6 3. f4 g6 4. Nf3 Bg7 5. Bc4 e6 6. d3 Nge7 7. O-O d5 8. Bb3
O-O 9. a4 b6 10. Qe1 Nd4 11. Nxd4 cxd4 12. Nd1 dxe4 13. dxe4 Ba6 14. Rf2 Rc8 15.
Bd2 Nc6 16. Kh1 Re8 17. Rf3 d3 18. c3 Na5 19. Ba2 Qd7 20. Nf2 Nc4 21. Rxd3 Qc7
22. Bxc4 Bxc4 23. Rf3 Red8 24. Be3 Rd7 25. Ng4 f5 26. exf5 exf5 27. Ne5 Bxe5 28.
fxe5 Qxe5 29. Qh4 Bd5 30. Bd4 Qe7 {Game drawn by mutual agreement} 1/2-1/2

[Event "Team 45 45 League T71"]
[Site "Internet Chess Club"]
[Date "2017.02.05"]
[Round "8"]
[White "LookImYourVader"]
[Black "soccerisfun"]
[Result "0-1"]
[WhiteElo "1759"]
[BlackElo "1904"]
[Opening "Giuoco Piano"]
[ECO "C54"]
[Time "15:00:17"]
[TimeControl "2700+45"]

1. e4 e5 2. Nf3 Nc6 3. Bc4 Bc5 4. c3 Nf6 5. d4 exd4 6. cxd4 Bb4+ 7. Bd2 Nxe4 8.
Bxf7+ Kxf7 9. Qb3+ d5 10. Bxb4 Re8 11. O-O Nxb4 12. Qxb4 a5 13. Qb3 Ra6 14. Nc3
Nxc3 15. bxc3 Kg8 16. Rfe1 Rf8 17. c4 Rg6 18. Ne5 Rgf6 19. cxd5 Rxf2 20. d6+ Kh8
21. dxc7 Qxd4 22. Qe3 Rf1+ 23. Rxf1 Qxe3+ 24. Kh1 Rxf1+ 25. Rxf1 g6 {White
resigns} 0-1

[Event "Team 45 45 League T71"]
[Site "Internet Chess Club"]
[Date "2017.02.05"]
[Round "8"]
[White "samit"]
[Black "Axagus"]
[Result "0-1"]
[WhiteElo "1524"]
[BlackElo "1753"]
[Opening "Four knights: symmetrical, Pillsbury variation"]
[ECO "C49"]
[Time "18:06:22"]
[TimeControl "2700+45"]

1. e4 e5 2. Nf3 Nc6 3. Nc3 Nf6 4. Bb5 Bb4 5. O-O O-O 6. d3 d6 7. Bg5 Ne7 8. Bxf6
gxf6 9. Nd5 Nxd5 10. exd5 f5 11. c3 Ba5 12. d4 e4 13. Nd2 Qg5 14. Nc4 Bb6 15.
Qd2 Qxd2 16. Nxd2 a6 17. Be2 c6 18. Nc4 Bc7 19. Ne3 f4 20. Ng4 f5 21. Bc4 Kg7
22. dxc6 bxc6 23. d5 c5 24. Ne5 dxe5 25. Rad1 Bd6 26. a3 a5 27. Bb5 a4 28. Bc6
Ra7 29. Rb1 Ba6 30. Rfd1 Bd3 31. Rbc1 c4 32. Rd2 e3 33. Rdd1 Bc5 34. f3 e2+ 35.
Kh1 exd1=Q+ 36. Rxd1 e4 37. Bb5 e3 38. g3 e2 39. Ra1 Re7 40. Re1 Bf2 41. d6 Re6
42. Rxe2 Rxe2 43. d7 Rxb2 44. Bc6 Bf1 45. h4 fxg3 46. h5 Bh3 47. h6+ Kxh6 48.
Bxa4 Rb1+ 49. Bd1 Rxd1# {White checkmated} 0-1

[Event "Team 45 45 League T71"]
[Site "Internet Chess Club"]
[Date "2017.02.02"]
[Round "8"]
[White "justice02"]
[Black "cityprosecutor"]
[Result "0-1"]
[WhiteElo "1663"]
[BlackElo "1716"]
[Opening "English opening"]
[ECO "A10"]
[Time "21:02:22"]
[TimeControl "2700+45"]

1. c4 g6 2. d4 c5 3. Nf3 Bg7 4. e3 Nf6 5. Bd3 O-O 6. O-O d6 7. Nc3 Nc6 8. d5 Nb4
9. Be2 Bf5 10. a3 Na6 11. Bd3 Qd7 12. Re1 Nc7 13. e4 Bg4 14. Be2 Qc8 15. Rb1 a6
16. h3 Bd7 17. b4 Ng4 18. Bd2 Ne5 19. Nxe5 Bxe5 20. Na4 Bxa4 21. Qxa4 b5 22. Qb3
Rb8 23. Rec1 cxb4 24. cxb5 axb5 25. axb4 Qd7 26. Qc2 Rfc8 27. Qc6 Qd8 28. Be3
Ne6 29. Qa6 Nc7 30. Bg4 Nxa6 31. Bxc8 Rxc8 32. Rxc8 Qxc8 33. Rc1 Qb7 34. f4 Bg7
35. Rc6 Nxb4 36. Rb6 Qa7 37. Kf2 Nc2 {White resigns} 0-1

[Event "Team 45 45 League T71"]
[Site "Internet Chess Club"]
[Date "2017.02.04"]
[Round "8"]
[White "elessar"]
[Black "zepled37"]
[Result "1/2-1/2"]
[WhiteElo "1685"]
[BlackElo "1686"]
[Opening "Sicilian defense"]
[ECO "B40"]
[Time "09:34:45"]
[TimeControl "2700+45"]

1. e4 c5 2. Nf3 e6 3. d3 Nc6 4. g3 Nge7 5. h4 d5 6. Nbd2 e5 7. c3 Bg4 8. Be2 Qd7
9. Nh2 Bxe2 10. Qxe2 Rd8 11. O-O dxe4 12. dxe4 Nc8 13. Nc4 Qd3 14. Qxd3 Rxd3 15.
Be3 Nd6 16. Nxd6+ Bxd6 17. Rfd1 Rxd1+ 18. Rxd1 Ke7 19. Nf3 b6 20. Kf1 Rd8 21.
Bg5+ f6 22. Be3 Bc7 23. Rxd8 Bxd8 24. Ke2 Kd7 25. h5 Be7 26. Nh4 Bf8 27. g4 Ne7
28. Kd3 Kc6 29. Nf5 g5 30. Nxe7+ Bxe7 31. c4 {Game drawn by mutual agreement}
1/2-1/2

[Event "Team 45 45 League T71"]
[Site "Internet Chess Club"]
[Date "2017.02.02"]
[Round "8"]
[White "Grenadier"]
[Black "Constrictor"]
[Result "1-0"]
[WhiteElo "1590"]
[BlackElo "1586"]
[Opening "Alekhine's defense: Balogh variation"]
[ECO "B03"]
[Time "20:00:25"]
[TimeControl "2700+45"]

1. e4 Nf6 2. e5 Nd5 3. d4 d6 4. Bc4 Nb6 5. Bb3 Bf5 6. Qf3 Qc8 7. Ne2 e6 8. Nbc3
dxe5 9. dxe5 N8d7 10. Nd4 Nxe5 11. Qe2 Bxc2 12. Nxc2 Ng6 13. Be3 c5 14. Qb5+ Qc6
15. Qxc6+ bxc6 16. Na3 O-O-O 17. O-O Nd5 18. Rad1 Be7 19. Bc1 Nxc3 20. Rxd8+
Rxd8 21. bxc3 Rd3 22. Rd1 Rxd1+ 23. Bxd1 Ne5 24. Bc2 c4 25. Kf1 Bf6 26. Ke2 c5
27. f4 Nd7 28. Nxc4 Bxc3 29. Nd6+ Kc7 30. Nb5+ {Black resigns} 1-0

[Event "Team 45 45 League T71"]
[Site "Internet Chess Club"]
[Date "2017.02.02"]
[Round "8"]
[White "Hal2001"]
[Black "GoIrish"]
[Result "1/2-1/2"]
[WhiteElo "1566"]
[BlackElo "1535"]
[Opening "Alekhine's defense"]
[ECO "B03"]
[Time "20:16:08"]
[TimeControl "2700+45"]

1. e4 Nf6 2. e5 Nd5 3. d4 d6 4. exd6 exd6 5. c4 Nb6 6. b3 Be7 7. Bb2 O-O 8. Nf3
Bg4 9. Be2 Bf6 10. O-O Nc6 11. Qd2 Qd7 12. d5 Ne5 13. Nxe5 Bxe5 14. Bxe5 dxe5
15. Bxg4 Qxg4 16. Nc3 Rad8 17. Rfe1 f6 18. Re4 Qg6 19. Qe2 a6 20. Rd1 Nc8 21.
Re3 Nd6 22. Rg3 Qf7 23. Rf3 Qg6 24. Rg3 Qf7 25. Rf3 {Game drawn by mutual
agreement} 1/2-1/2

[Event "Team 45 45 League T71"]
[Site "Internet Chess Club"]
[Date "2017.02.04"]
[Round "8"]
[White "MarcB"]
[Black "calsal"]
[Result "1-0"]
[WhiteElo "1657"]
[BlackElo "1706"]
[Opening "Scandinavian defense"]
[ECO "B01"]
[Time "15:00:13"]
[TimeControl "2700+45"]

1. e4 d5 2. exd5 Nf6 3. Nf3 Bg4 4. Bb5+ Nbd7 5. c4 e6 6. dxe6 fxe6 7. d4 c6 8.
Ba4 Nb6 9. Bb3 Bxf3 10. Qxf3 Qxd4 11. O-O Bd6 12. c5 Qxc5 13. Bxe6 Bxh2+ 14. Kh1
Qe5 15. Bb3 Rf8 16. g3 Nh5 17. Qd1 Rd8 18. Bd2 Rd4 19. Re1 Re4 20. Nc3 Nxg3+ 21.
fxg3 Rxe1+ 22. Qxe1 Bxg3 23. Qxe5+ Bxe5 24. Re1 Nd7 25. Ne4 Kd8 26. Ng5 Rf2 27.
Nf7+ Kc8 28. Nxe5 Nxe5 29. Be6+ Kb8 30. Be3 Rf6 31. Bh3 Nd3 32. Re2 Nf4 33.
Bxf4+ Rxf4 34. Kg2 Rb4 35. a3 Rb5 36. b4 Rd5 37. Re3 Kc7 38. Kf3 Kb6 39. Be6 Rd6
40. Kf4 Kb5 41. Ke5 Rd2 42. Rg3 Re2+ 43. Kd6 Rd2+ 44. Kc7 Ka4 45. Kxb7 Rd6 46.
Bg8 Rg6 47. Rc3 h6 48. Bh7 Rg5 49. Ka6 g6 50. Kxa7 Kb5 51. Rc5+ Ka4 52. Rxg5
hxg5 53. Kb6 Kxa3 54. Kc5 Ka4 55. Bxg6 g4 56. Be4 g3 57. Bxc6+ {Black resigns}
1-0

[Event "Team 45 45 League T71"]
[Site "Internet Chess Club"]
[Date "2017.02.04"]
[Round "8"]
[White "Yedixon"]
[Black "fireball"]
[Result "0-1"]
[WhiteElo "1692"]
[BlackElo "1681"]
[Opening "French: advance, Paulsen attack"]
[ECO "C02"]
[Time "11:09:36"]
[TimeControl "2700+45"]

1. e4 e6 2. d4 d5 3. e5 c5 4. c3 Nc6 5. Nf3 Qb6 6. a3 Bd7 7. b4 cxd4 8. cxd4
Nge7 9. Nc3 Nf5 10. Na4 Qc7 11. g4 Nfxd4 12. Nxd4 Qxe5+ 13. Be3 Nxd4 14. Nb6
axb6 15. Qxd4 Qxd4 16. Bxd4 f6 17. Bxb6 Bxb4+ {White resigns} 0-1

[Event "Team 45 45 League T71"]
[Site "Internet Chess Club"]
[Date "2017.02.05"]
[Round "8"]
[White "Ajolote"]
[Black "Chess4Him"]
[Result "1/2-1/2"]
[WhiteElo "1701"]
[BlackElo "1631"]
[Opening "Robatsch (modern) defense"]
[ECO "B06"]
[Time "20:11:08"]
[TimeControl "2700+45"]

1. e4 g6 2. d4 Bg7 3. c3 d6 4. Be3 Nf6 5. Nd2 O-O 6. Ngf3 h6 7. Be2 Nc6 8. Qc2
e5 9. dxe5 dxe5 10. O-O Nh5 11. b4 Qf6 12. Nc4 Nf4 13. b5 Nxe2+ 14. Qxe2 Nd8 15.
Nfxe5 Re8 16. Rad1 Qh4 17. Bd4 Ne6 18. Nf3 Nf4 19. Nxh4 Nxe2+ 20. Kh1 Nxd4 21.
cxd4 Rxe4 22. Nf3 Bg4 23. Na5 Bxf3 24. gxf3 Rxd4 25. Rxd4 Bxd4 26. Rc1 Bxf2 27.
Nxb7 Re8 28. Rxc7 Re1+ 29. Kg2 Bb6 30. Rc2 Rg1+ 31. Kh3 Rg5 32. Nd6 Rh5+ 33. Kg2
Rg5+ 34. Kh3 Rh5+ 35. Kg2 Rg5+ 36. Kh3 {Game drawn by repetition} 1/2-1/2

[Event "Team 45 45 League T71"]
[Site "Internet Chess Club"]
[Date "2017.02.04"]
[Round "8"]
[White "mongmong"]
[Black "Skeptic1972"]
[Result "1-0"]
[WhiteElo "1497"]
[BlackElo "1653"]
[Opening "QGD: 4.Nf3"]
[ECO "D37"]
[Time "13:01:47"]
[TimeControl "2700+45"]

1. d4 d5 2. Nf3 Nf6 3. c4 e6 4. Nc3 Be7 5. g3 O-O 6. Bg2 dxc4 7. Ne5 c5 8. dxc5
Qxd1+ 9. Nxd1 Bxc5 10. Bd2 Nbd7 11. Nxc4 Nb6 12. Na5 Rb8 13. Rc1 Bd6 14. Bc3
Nfd5 15. O-O Nxc3 16. Nxc3 Bb4 17. Nb3 Bd7 18. a3 Be7 19. Na5 Bc8 20. b4 Nd7 21.
Rc2 Bd8 22. Nc4 b6 23. Rfc1 Be7 24. e3 Bb7 25. Nd2 Bxg2 26. Kxg2 Nf6 27. Nce4
Nd5 28. Nc3 a5 29. Nxd5 exd5 30. bxa5 bxa5 31. a4 Rb4 32. Ra2 d4 33. exd4 Rxd4
34. Nf3 Rd3 35. Rc7 Bb4 36. Ne5 Rd5 37. Ng4 h6 38. Ne3 Rc5 39. Rxc5 Bxc5 40. Rc2
Bxe3 41. fxe3 Re8 42. Kf3 Re5 43. Rc8+ Kh7 44. e4 Kg6 45. Rc6+ f6 46. Kf4 h5 47.
h4 Kh6 48. Rd6 Rc5 49. Rd5 Rxd5 50. exd5 Kg6 51. Ke4 Kf7 52. Kd4 Ke7 53. Kc5 Kd7
54. Kb5 Kd6 55. Kxa5 Kxd5 56. Kb6 Kd6 57. a5 {Black resigns} 1-0

[Event "Team 45 45 League T71"]
[Site "Internet Chess Club"]
[Date "2017.02.04"]
[Round "8"]
[White "Electryon"]
[Black "mongmong"]
[Result "1/2-1/2"]
[WhiteElo "1427"]
[BlackElo "1494"]
[Opening "English opening"]
[ECO "A13"]
[Time "18:45:13"]
[TimeControl "2700+45"]

1. c4 e6 2. g3 Nf6 3. Bg2 d5 4. cxd5 exd5 5. Nf3 c6 6. d4 Bd6 7. Nc3 O-O 8. O-O
Re8 9. a3 Nbd7 10. b4 b5 11. Bb2 Nb6 12. Rc1 Nc4 13. Qc2 a5 14. Na2 axb4 15.
Nxb4 Bxb4 16. axb4 Bb7 17. e3 Qc7 18. Ra1 Nd7 19. Nd2 Ndb6 20. e4 Nxd2 21. Qxd2
dxe4 22. Rxa8 Rxa8 23. Bxe4 Nd5 24. Ra1 Rxa1+ 25. Bxa1 Qd6 26. Bc3 g6 27. Qb2
Qe6 28. Bg2 Qd6 29. Bh3 Qe7 {Game drawn by mutual agreement} 1/2-1/2

[Event "Team 45 45 League T71"]
[Site "Internet Chess Club"]
[Date "2017.02.07"]
[Round "8"]
[White "PsyMar"]
[Black "Aquaman"]
[Result "0-1"]
[WhiteElo "1380"]
[BlackElo "1379"]
[Opening "Scandinavian: Icelandic gambit"]
[ECO "B01"]
[Time "15:30:09"]
[TimeControl "2700+45"]

1. e4 d5 2. exd5 Nf6 3. c4 e6 4. Nc3 exd5 5. d4 Bb4 6. Nf3 Bg4 7. Qa4+ Nc6 8.
Bg5 Bxc3+ 9. bxc3 Bxf3 10. gxf3 Qd6 11. Bxf6 Qxf6 12. cxd5 Qxf3 13. dxc6 O-O 14.
Rg1 Qxc3+ 15. Ke2 Rfe8+ 16. Kd1 Re1# {White checkmated} 0-1

[Event "Team 45 45 League T71"]
[Site "Internet Chess Club"]
[Date "2017.02.04"]
[Round "8"]
[White "artspir"]
[Black "stantheman59"]
[Result "0-1"]
[WhiteElo "1190"]
[BlackElo "1261"]
[Opening "Queen's pawn game"]
[ECO "D02"]
[Time "16:06:14"]
[TimeControl "2700+45"]

1. d4 d5 2. Nf3 e6 3. Bf4 c6 4. e3 Bd6 5. Ne5 Nd7 6. Nxf7 Kxf7 7. Bxd6 Ndf6 8.
Be5 Nh6 9. Qf3 Nf5 10. g3 Qb6 11. b3 h5 12. h4 c5 13. c3 cxd4 14. cxd4 Qb4+ 15.
Nd2 Qc3 16. Qd1 Nxe3 17. fxe3 Qxe3+ 18. Be2 Ng4 19. Rf1+ Ke7 20. Bxg7 Qxg3+
{White resigns} 0-1

[Event "Team 45 45 League T71"]
[Site "Internet Chess Club"]
[Date "2017.02.03"]
[Round "8"]
[White "az2112"]
[Black "bmw2002"]
[Result "1-0"]
[WhiteElo "1694"]
[BlackElo "1490"]
[Opening "English: symmetrical, main line with d3"]
[ECO "A38"]
[Time "21:08:48"]
[TimeControl "2700+45"]

1. Nf3 Nf6 2. g3 g6 3. Bg2 Bg7 4. O-O c5 5. c4 Nc6 6. Nc3 O-O 7. d3 d5 8. cxd5
Nxd5 9. Bd2 Rb8 10. a3 Be6 11. Ng5 Nc7 12. Nxe6 Nxe6 13. Rb1 Na5 14. b4 cxb4 15.
axb4 Nc6 16. b5 Ne5 17. Ne4 b6 18. Qa4 Qd7 19. Rfc1 Nd4 20. Kf1 Rfc8 21. Nc3 Rc5
22. Be3 Rd8 23. Bxd4 Qxd4 24. Qxd4 Rxd4 25. h3 e6 26. f4 Nd7 27. Bc6 Nb8 28. Be4
Ra4 29. Nxa4 {Black resigns} 1-0

[Event "Team 45 45 League T71"]
[Site "Internet Chess Club"]
[Date "2017.02.01"]
[Round "8"]
[White "Zyme"]
[Black "ChessMaine"]
[Result "1-0"]
[WhiteElo "1482"]
[BlackElo "1482"]
[Opening "QGD: classical variation (5.Bf4)"]
[ECO "D37"]
[Time "20:08:23"]
[TimeControl "2700+45"]

1. d4 d5 2. c4 e6 3. Nc3 Nf6 4. Nf3 Be7 5. Bf4 a6 6. e3 O-O 7. Bd3 dxc4 8. Bxc4
b5 9. Bd3 Bb7 10. O-O Nbd7 11. Re1 Bd6 12. Rc1 Bxf4 13. exf4 Nd5 14. f5 Nxc3 15.
Rxc3 Bd5 16. Qc2 Bxf3 17. fxe6 Qg5 18. Bxh7+ Kh8 19. Rxf3 fxe6 20. Rh3 Nf6 21.
Bf5+ Nh5 22. Bg6 Rxf2 23. Qxf2 Qxg6 24. Qf3 Kg8 25. Qxa8+ {Black resigns} 1-0

[Event "Team 45 45 League T71"]
[Site "Internet Chess Club"]
[Date "2017.02.03"]
[Round "8"]
[White "seattleblues"]
[Black "chuckh2"]
[Result "0-1"]
[WhiteElo "1370"]
[BlackElo "1424"]
[Opening "QGD Slav: Dutch variation"]
[ECO "D18"]
[Time "20:00:24"]
[TimeControl "2700+45"]

1. d4 d5 2. Nf3 Nf6 3. c4 c6 4. Nc3 dxc4 5. a4 Bf5 6. e3 Bg4 7. Bxc4 e6 8. O-O
Nbd7 9. e4 Nb6 10. Be2 Bb4 11. Qd3 O-O 12. Rd1 Qc7 13. h3 Bxf3 14. Bxf3 Rad8 15.
Qc2 Nbd7 16. Bg5 Be7 17. e5 Nxe5 18. dxe5 Qxe5 19. Ne4 Rxd1+ 20. Rxd1 Re8 21.
Nxf6+ Bxf6 22. Bxf6 Qxf6 23. Rd7 Rb8 24. Qb3 g6 25. Rxb7 Rxb7 26. Qxb7 Qf5 27.
Qc8+ Kg7 28. Qxc6 Qb1+ 29. Kh2 Qxb2 30. Qc5 a6 31. Qa7 Qe5+ 32. g3 a5 33. Bc6 h5
34. Be8 Qf5 35. Bb5 h4 36. g4 Qf4+ 37. Kg2 Qe4+ 38. Kg1 Qe1+ 39. Bf1 e5 40. Qe7
Kg8 41. Qxh4 Qb4 42. Bb5 Qe1+ 43. Kh2 e4 44. Qg3 Qd2 45. Bc6 Qb4 46. Qe3 Qd6+
47. Kg2 Qxc6 48. Qb3 e3+ 49. Kg1 e2 50. Qb8+ Kh7 51. Qb1 Qxa4 52. Qe1 Qd1 {White
resigns} 0-1

[Event "Team 45 45 League T71"]
[Site "Internet Chess Club"]
[Date "2017.02.04"]
[Round "8"]
[White "BrerRabbit"]
[Black "Conjurer"]
[Result "1-0"]
[WhiteElo "1396"]
[BlackElo "1284"]
[Opening "Queen's pawn: London system"]
[ECO "A45"]
[Time "15:03:54"]
[TimeControl "2700+45"]

1. d4 Nf6 2. Bf4 g6 3. e3 Bg7 4. Nf3 O-O 5. Be2 e6 6. O-O d6 7. h3 Nbd7 8. c4 b6
9. Nc3 Bb7 10. Qc2 Re8 11. Bg3 Nh5 12. Bh4 Nhf6 13. Rfd1 e5 14. dxe5 Nxe5 15.
Nxe5 Rxe5 16. Rd2 Qd7 17. Qd1 Ne4 18. Nxe4 Rxe4 19. Bg3 Re6 20. Bf3 Bxf3 21.
Qxf3 Rae8 22. Rad1 Be5 23. Bxe5 Rxe5 24. Qb7 Rg5 25. Rd5 Ree5 26. Rxe5 Rxe5 27.
Qxa7 Ra5 28. Qb7 Rxa2 29. b3 Qf5 30. Rf1 Qd7 31. Qe4 Rb2 32. Rb1 Ra2 33. Rc1 Rb2
34. Rb1 Ra2 35. Rc1 Ra5 36. Rd1 Re5 37. Qxe5 {Black resigns} 1-0